 Dungeon Crawl Stone Soup version 0.31-a0-1620-gcbf77bbcfc (webtiles) character file.

Game seed: 1965056802790683685

122 voltaire321 the Sneak (level 5, -2/33 HPs)
             Began as an Octopode Earth Elementalist on Jan 11, 2024.
             Slain by an orc priest
             ... wielding a +0 flail
              (8 damage)
             ... on level 4 of the Dungeon.
             The game lasted 00:05:54 (2533 turns).

voltaire321 the Sneak (Octopode Earth Elementalist) Turns: 2533, Time: 00:05:55

Health: -2/33      AC:  1    Str:  7    XL:     5   Next: 6%
Magic:  8/8        EV: 13    Int: 19    God:
Gold:   184        SH:  0    Dex: 13    Spells: 2/9 levels left

rFire   . . .        d - +2 hand axe (holy)
rCold   . . .        (no shield)
rNeg    . . .        (helmet restricted)
rPois   .            p - amulet of magic regeneration
rElec   .            (no ring)
rCorr   .            (no ring)
SInv    .            (no ring)
Will    .....        (no ring)
Stlth   ++           (no ring)
HPRegen 0.25/turn    (no ring)
MPRegen 0.51/turn    (no ring)
                     (no ring)

%: no passive effects
@: confused, brilliant
A: almost no armour, amphibious, 8 rings, camouflage 1, gelatinous body 1,
(nimble swimmer 1), tentacles
a: no special abilities


You were on level 4 of the Dungeon.
You visited 1 branch of the dungeon, and saw 4 of its levels.

You collected 184 gold pieces.

Inventory:

Hand Weapons
 d - a +2 hand axe of holy wrath (weapon)
Missiles
 q - 4 curare-tipped darts
Jewellery
 p - an amulet of magic regeneration (around mantle)
Wands
 r - a wand of polymorph (3)
Scrolls
 e - 2 scrolls of noise {unknown}
 f - a scroll of fog {unknown}
 g - a scroll of poison {unknown}
 h - a scroll of butterflies {unknown}
 j - 5 scrolls of identify {unknown}
 l - a scroll of teleportation {unknown}
 n - a scroll of enchant weapon {unknown}
 s - a scroll of enchant armour {unknown}
Potions
 a - a potion of magic
 b - a potion of curing {unknown}
 c - a potion of brilliance
 i - 2 potions of lignification {unknown}
 k - a potion of might {unknown}
 m - 2 potions of degeneration {unknown}
 o - a potion of mutation {unknown}


   Skills:
 + Level 1.5 Fighting
 + Level 2.7 Dodging
 + Level 3.7 Stealth
 + Level 2.6 Spellcasting
 + Level 1.9 Conjurations
 + Level 3.5 Earth Magic


You had 2 spell levels left.
You knew the following spells:

 Your Spells              Type           Power      Damage    Failure   Level
a - Sandblast             Erth           48%        2d12      3%          1
b - Passwall              Erth           24%        N/A       11%         3
c - Stone Arrow           Conj/Erth      38%        3d9       16%         3

Your spell library contained the following spells:

 Spells                   Type           Power      Damage    Failure   Level
 Call Imp                 Summ           6%         N/A       24%         2
 Sublimation of Blood     Necr           3%         N/A       24%         2
 Brom's Barrelling Bould  Conj/Erth      19%        2d4       45%         4
 Petrify                  Alch/Erth      13%        N/A       58%         4
 Summon Hydra             Summ           1%         N/A       100%        7


Dungeon Overview and Level Annotations

Branches:
Dungeon (4/15)
 Temple: D:4-7

Altars:
Gozag
Trog


Innate Abilities, Weirdness & Mutations

You cannot wear most types of armour.
You are amphibious.
You can wear up to eight rings at the same time.
Your skin changes colour to match your surroundings (Stealth+).
Your rubbery body absorbs attacks. (AC +1, EV +1)
((You are camouflaged when in or above water. (Stealth+)))
You have tentacles for arms and can constrict up to eight enemies at once.


Message History

The orc wizard is healed somewhat.
You hit the orc wizard but do no damage.
You squeeze the orc wizard.
The orc wizard is severely wounded.
You constrict the orc wizard, but do no damage.
The orc wizard hits you but does no damage.
You barely miss the orc wizard. You squeeze the orc wizard.
The orc wizard is almost dead.
You constrict the orc wizard, but do no damage.
The orc wizard hits you with a +0 dagger.
You barely miss the orc wizard.
The orc wizard is almost dead.
You constrict the orc wizard.
The orc wizard hits you with a +0 dagger.
The orc wizard gestures at you while chanting.
You are confused.
The orc priest mumbles some strange prayers to Beogh against you.
Beogh smites you!
You're too confused to cast spells.
Unknown command.
It was a potion of brilliance.
You feel clever all of a sudden.
You constrict the orc wizard, but do no damage.
The orc wizard casts a spell at you. You resist with some effort.
The orc priest miscasts a cantrip.
You release your grip on the orc wizard.
The orc wizard attacks as it pursues you!
The orc wizard misses you.
You hit the orc wizard.
You kill the orc wizard!
You have reached level 5!
You feel agile.
The orc priest hits you with a +0 flail!
* * * LOW HITPOINT WARNING * * *
The orc hits you with a +0 whip.
* * * LOW HITPOINT WARNING * * *
You're too confused to move!
The orc priest hits you with a +0 flail!
You die...

#### #..####### ..
###......... #.
.........#
#.#########....# #
#..............#####...
###............>.o.......
................@........
..#.....#.......o##$##..#
..# #...†.............
..###.####......###. ...
......####...###.. . ..#
............... ... ..
.<########...###### # ..#
#...# ..# #...#


You could see an orc priest and an orc.

Vanquished Creatures
  An orc wizard (D:4)
  2 adders
  3 dart slugs
  2 ribbon worms
  2 orcs (D:3)
  6 ball pythons
  4 endoplasms
  8 giant cockroaches
  7 goblins
  4 hobgoblins
  3 quokkas (D:3)
  6 bats
  6 frilled lizards
  2 kobolds (D:1)
  7 rats
63 creatures vanquished.

Notes
Turn   | Place    | Note
-------+----------+-------------------------------------------
     0 | D:1      | voltaire321 the Octopode Earth Elementalist began the quest
                  | for the Orb.
     0 | D:1      | Reached XP level 1. HP: 11/11 MP: 3/3
    58 | D:1      | Found a faded altar of an unknown god.
   366 | D:1      | Reached XP level 2. HP: 17/17 MP: 5/5
   593 | D:1      | Reached XP level 3. HP: 22/22 MP: 4/6
   597 | D:1      | Learned a level 3 spell: Passwall
  1275 | D:2      | Found an opulent altar of Gozag.
  1502 | D:2      | Reached skill level 1 in Fighting
  1678 | D:2      | Reached XP level 4. HP: 28/28 MP: 5/7
  1931 | D:3      | Learned a level 3 spell: Stone Arrow
  2289 | D:3      | Found a bloodstained altar of Trog.
  2532 | D:4      | Reached XP level 5. HP: 14/33 MP: 8/8
  2533 | D:4      | Slain by an orc priest

Illustrated notes

Levels and vault maps discovered:
D:1:      amcnicky_arrival_flooded_fountain, layout_loops_corners,
          shapermc_ecumenical_altar_venn, serial_forest,
          infiniplex_forest_clump_C, infiniplex_forest_straight_1,
          infiniplex_forest_lined_3, infiniplex_forest_diagonal,
          infiniplex_forest_clump_tiny, infiniplex_forest_end_3,
          infiniplex_forest_side_room, infiniplex_forest_clump_diagonal,
          infiniplex_forest_pool, amethyst_killhole, minmay_curled_crystal,
          minmay_misc_feat_doors, due_unseen_surprise
D:2:      layout_basic, basic_altar
D:3:      layout_rooms, trog_butcher_becter, minmay_misc_feat_secret_circle
D:4:      layout_rooms, nicolae_custom_books, minmay_misc_feat_ornament

Skill      XL: |  1  2  3 |
---------------+----------+-----
Stealth        | 3 |  3.7
Fighting       | 1 |  1.5
Dodging        | |  2.7
Spellcasting   | |  2.6
Conjurations   | |  1.9
Earth Magic    | |  3.5

Action                     |  1- 3 |  4- 6 || total
---------------------------+-------+-------++-------
  Melee: Mace              |     6 |       ||     6
         Hand axe          |    32 |    17 ||    49
         Constrict         |    12 |     2 ||    14
         Tentacles         |     7 |     6 ||    13
         Unarmed           |     2 |       ||     2
   Cast: Sandblast         |    22 |    34 ||    56
         Passwall          |     2 |       ||     2
    Use: Potion            |       |     1 ||     1
   Stab: Sleeping          |    10 |     1 ||    11
 Armour: Skin              |    17 |    21 ||    38
  Dodge: Dodged            |    20 |    20 ||    40

Table legend: (Time is in decaauts)
 A = Elapsed time spent in this place.
 B = Non-inter-level travel time spent in this place.
 C = Inter-level travel time spent in this place.
 D = Time resting spent in this place.
 E = Time spent auto-exploring this place.
 F = Levels seen in this place.
 G = Mean time per level.
                   A        B        C        D        E       F      G
               +--------+--------+--------+--------+--------+-----+--------+
         Total |   2576 |   2477 |     99 |    201 |   1678 |   4 |  644.0 |
       Dungeon |   2576 |   2477 |     99 |    201 |   1678 |   4 |  644.0 |
               +--------+--------+--------+--------+--------+-----+--------+

Top non-repeatable levels by time:
     D:1: 1235 daAuts
     D:3: 674 daAuts
     D:2: 624 daAuts
     D:4: 42 daAuts
